 Dungeon Crawl Stone Soup version 0.23.2-11-gf996548 (webtiles) character file.

Game seed: 1116186355087097110

374 Fang the Skirmisher (level 6, -2/40 HPs)
             Began as a Gargoyle Berserker on June 3, 2019.
             Was a Priest of Trog.
             Slain by Menkaure (14 damage)
             ... on level 4 of the Dungeon.
             The game lasted 00:04:23 (3358 turns).

Fang the Skirmisher (Gargoyle Berserker)            Turns: 3358, Time: 00:04:24

Health: -2/40      AC:  6    Str: 23    XL:     6   Next: 72%
Magic:  6/6        EV: 13    Int:  7    God:    Trog [***...]
Gold:   148        SH:  0    Dex:  9    Spells: 5/5 levels left

rFire    . . .     SeeInvis .   a - +0 hand axe
rCold    . . .     Gourm    .   (no shield)
rNeg     + . .     Faith    .   b - +0 animal skin
rPois    ∞         Spirit   .   (no helmet)
rElec    +         Reflect  .   (no cloak)
rCorr    .         Harm     .   (no gloves)
MR       .....                  (no boots)
Stlth    +.........             l - amulet of regeneration
HPRegen  0.53/turn              j - ring of flight
MPRegen  0.10/turn              (no ring)

@: no status effects
A: negative energy resistance 1, electricity resistance, unbreathing,
petrification resistance, rot immunity, AC +4
a: Berserk, Trog's Hand, Renounce Religion, Evoke Flight


You were on level 4 of the Dungeon.
You worshipped Trog.
Trog was most pleased with you.
You were not hungry.

You visited 1 branch of the dungeon, and saw 4 of its levels.

You collected 148 gold pieces.

Inventory:

Hand Weapons
 a - a +0 hand axe (weapon)
Armour
 b - a +0 animal skin (worn)
Jewellery
 j - a ring of flight (left hand)
 l - an amulet of regeneration (around neck)
 r - an uncursed amulet of guardian spirit {unknown}
Scrolls
 d - 2 scrolls of enchant armour {unknown}
 f - a scroll of enchant weapon {unknown}
 g - 2 scrolls of fog {unknown}
 h - 3 scrolls of identify {unknown}
 m - 3 scrolls of remove curse {unknown}
 n - 3 scrolls of magic mapping {unknown}
 s - 3 scrolls of blinking {unknown}
Potions
 e - a potion of ambrosia {unknown}
 i - a potion of heal wounds {unknown}
 k - a potion of might {unknown}
 o - a potion of degeneration {unknown}
 p - a potion of invisibility {unknown}
 q - a potion of flight {unknown}
Comestibles
 c - 12 rations


   Skills:
 + Level 4.9 Fighting
 + Level 4.0 Axes
 + Level 4.1 Armour
 + Level 3.1 Dodging


You had 5 spell levels left.
You didn't know any spells.
Your spell library was empty.

Dungeon Overview and Level Annotations

Branches:
Dungeon (4/15)
 Temple: D:4-7

Altars:
Cheibriados
Elyvilon
Hepliaklqana
Kikubaaqudgha
Okawaru
Ru

Annotations:
D:4 Menkaure


Innate Abilities, Weirdness & Mutations

You are resistant to torment.
Your stone body is resilient. (AC +4)
You are immune to poison.
You resist negative energy. (rN+)
You are resistant to electric shocks. (rElec)
You can survive without breathing.
You are immune to petrification.
You are immune to rotting.


Message History

You barely miss Menkaure.
Menkaure is severely damaged.
Menkaure hits you.
You are too injured to fight recklessly!
You are too injured to fight recklessly!
You are too injured to fight recklessly!
You are too injured to fight recklessly!
You are too injured to fight recklessly!
You are too injured to fight recklessly!
You are too injured to fight recklessly!
You are too injured to fight recklessly!
You are too injured to fight recklessly!
You hit Menkaure.
Menkaure is almost destroyed.
Menkaure hits you!
* * * LOW HITPOINT WARNING * * *
You hit Menkaure.
Menkaure is almost destroyed.
Menkaure hits you!
You die...

#############
......M@....#
####...####.#
#.... #.#
##...
#.###### ##.#
#......####
#.
######....#
#. #.##.# #'
#.##.# #.##.#


You could see Menkaure.

Vanquished Creatures
  2 ogres
  Jessica (D:3)
  Robin (D:3)
  2 gnolls (D:4)
  4 adders
  An ooze (D:4)
  3 worms
  3 dart slugs (D:1)
  2 leopard geckos
  3 orcs
  A ball python (D:2)
  4 giant cockroaches
  23 goblins
  11 hobgoblins
  5 jackals
  7 kobolds
  A quokka (D:3)
  5 bats
  7 frilled lizards
  6 rats
92 creatures vanquished.

Notes
Turn   | Place    | Note
-------+----------+-------------------------------------------
     0 | D:1      | Fang the Gargoyle Berserker began the quest for the Orb.
     0 | D:1      | Reached XP level 1. HP: 14/14 MP: 1/1
    39 | D:1      | Reached XP level 2. HP: 10/19 MP: 2/2
   472 | D:1      | Reached XP level 3. HP: 19/23 MP: 3/3
   592 | D:1      | You fall through a shaft!
   599 | D:2      | Reached ** piety under Trog
   784 | D:2      | Found a white marble altar of Elyvilon.
   926 | D:2      | Reached XP level 4. HP: 27/29 MP: 4/4
   983 | D:2      | Noticed an ogre
   990 | D:2      | Killed an ogre
   990 | D:2      | Reached XP level 5. HP: 28/33 MP: 5/5
  1860 | D:3      | Found a faded altar of an unknown god.
  1888 | D:3      | Found a sacrificial altar of Ru.
  2238 | D:3      | Found an ancient bone altar of Kikubaaqudgha.
  2297 | D:3      | Found a snail-covered altar of Cheibriados.
  2324 | D:3      | Noticed Robin
  2339 | D:3      | Killed Robin
  2339 | D:3      | Reached *** piety under Trog
  2513 | D:3      | Noticed Jessica
  2520 | D:3      | Killed Jessica
  2520 | D:3      | Reached XP level 6. HP: 27/39 MP: 6/6
  2826 | D:4      | Found an iron altar of Okawaru.
  2912 | D:4      | Found a hazy altar of Hepliaklqana.
  3349 | D:4      | Noticed Menkaure
  3358 | D:4      | Slain by Menkaure

Skill      XL: |  1  2  3  4  5  6 |
---------------+-------------------+-----
Axes           | 3 4 |  4.0
Dodging        | 2 3 |  3.1
Fighting       | 4 |  4.9
Armour         | 3 4 |  4.1

Action                   |  1- 3 |  4- 6 || total
-------------------------+-------+-------++-------
Melee: Hand axe          |    98 |   181 ||   279
Invok: Berserk           |     1 |     4 ||     5
 Stab: Sleeping          |       |     1 ||     1
  Eat: Chunk             |     1 |    12 ||    13
Armor: Animal skin       |    40 |    62 ||   102
Dodge: Dodged            |    79 |   100 ||   179
